[Event "Titled Tuesday Blitz June 6 Early 2023"]
[White "Arencibia Monduy, Antonio"]
[Black "Fus, Jakub"]
[WhiteFideId "3507939"]
[BlackFideId "1193023"]
[WhiteElo "2495"]
[BlackElo "2335"]
[Result "0-1"]
[Round "6"]
[TimeControl "180+2"]
[Date "2023.06.06"]
[WhiteClock "0:00:03"]
[BlackClock "0:00:06"]
[Board "61"]

1. e4 c6 2. d3 d5 3. Nd2 e5 4. Qe2 Bd6 5. Ngf3 Qe7 6. g3 Nf6 7. Bg2 O-O 8. O-O Re8 9. Re1 Nbd7 10. h3 Nf8 11. Nf1 Ng6 12. Bd2 Be6 13. a3 Rad8 14. Bc3 Bc8 15. Rad1 Qc7 16. N3h2 Qb6 17. Qd2 Qc7 18. Qe2 b6 19. Bd2 Ba6 20. Qf3 dxe4 21. dxe4 Nd7 22. Ne3 Nc5 23. Bc3 Ne6 24. Nf5 Bf8 25. Ng4 c5 26. h4 Nd4 27. Bxd4 exd4 28. h5 Ne5 29. Nxe5 Qxe5 30. Qg4 g6 31. hxg6 hxg6 32. f4 Qe6 33. Bh3 Bb7 34. Qg5 Qc6 35. Bg2 c4 36. Nh4 d3 37. cxd3 cxd3 38. Nf3 Rc8 39. Ne5 Qc5+ 40. Kh2 Bg7 41. Qg4 Bxe5 42. fxe5 Qxe5 43. Rxd3 Kg7 44. Rf3 Qd4 45. Bh3 Rh8 46. Kg2 Rcf8 47. Re2 Bc8 0-1


[Site "https://www.chess.com"]

[Event "Titled Tuesday Blitz June 6 Early 2023"]
[White "Nemec, Jachym"]
[Black "Ashraf, Artin"]
[WhiteFideId "23716525"]
[BlackFideId "22514805"]
[WhiteElo "2347"]
[BlackElo "2224"]
[Result "0-1"]
[Round "6"]
[TimeControl "180+2"]
[Date "2023.06.06"]
[WhiteClock "0:01:18"]
[BlackClock "0:00:32"]
[Board "62"]

1. b3 Nf6 2. Nf3 g6 3. Bb2 Bg7 4. g3 d5 5. Bg2 c5 6. O-O O-O 7. e3 Nc6 8. c4 d4 9. exd4 cxd4 10. d3 Bf5 11. Na3 Nd7 12. Nc2 Nc5 13. Nfe1 a5 14. Ba3 Qb6 15. Bxc5 Qxc5 16. a3 b5 17. Rb1 b4 18. a4 Rad8 19. Nf3 Nb8 20. Qe2 Qc7 21. Nd2 Na6 22. g4 Bc8 23. f4 Bh6 24. g5 Bg7 25. Ne4 f5 26. gxf6 exf6 27. Ng3 f5 28. Qd2 Nc5 29. Ne1 Rde8 30. Nf3 Re3 31. Ne1 Bh6 32. Bd5+ Kh8 33. Ng2 Rxd3 34. Qf2 Bg7 35. h4 Rxb3 36. Rxb3 Nxb3 37. h5 d3 38. Kh2 Bd4 39. Qa2 Nc5 40. hxg6 hxg6 41. Nh4 Kg7 42. Kg2 Rh8 43. Rh1 Qxf4 0-1


[Site "https://www.chess.com"]

[Event "Titled Tuesday Blitz June 6 Early 2023"]
[White "Martinez Ramirez, Lennis"]
[Black "Andreev, Konstantin"]
[WhiteFideId "3509079"]
[BlackFideId "24239305"]
[WhiteElo "2410"]
[BlackElo "2106"]
[Result "0-1"]
[Round "6"]
[TimeControl "180+2"]
[Date "2023.06.06"]
[WhiteClock "0:00:02"]
[BlackClock "0:01:08"]
[Board "63"]

1. c4 Nf6 2. Nc3 e5 3. g3 d5 4. cxd5 Nxd5 5. Bg2 Nb6 6. Nf3 Nc6 7. Rb1 Bc5 8. b4 Bd6 9. b5 Nd4 10. e3 Nxf3+ 11. Qxf3 O-O 12. a4 a5 13. O-O f5 14. Qe2 Rb8 15. d3 Be6 16. Bb2 Qd7 17. Ba1 Qe7 18. Rfd1 Qf7 19. d4 e4 20. f3 Bc4 21. Qf2 Bd3 22. Rxd3 exd3 23. Qd2 Rbe8 24. Qxd3 Qc4 25. Qd2 Bb4 26. Bf1 Qe6 27. Re1 Kh8 28. Bd3 Qh6 0-1


[Site "https://www.chess.com"]

[Event "Titled Tuesday Blitz June 6 Early 2023"]
[White "Goltsev, Dmitry"]
[Black "Papayan, Oleg"]
[WhiteFideId "24176710"]
[BlackFideId "4193911"]
[WhiteElo "2356"]
[BlackElo "2167"]
[Result "1/2-1/2"]
[Round "6"]
[TimeControl "180+2"]
[Date "2023.06.06"]
[WhiteClock "0:01:33"]
[BlackClock "0:01:47"]
[Board "64"]

1. e4 e5 2. Nf3 Nc6 3. Bb5 Nf6 4. O-O Nxe4 5. d4 Nd6 6. Bxc6 dxc6 7. dxe5 Nf5 8. Qxd8+ Kxd8 9. Rd1+ Ke8 10. Bg5 Be7 11. Nc3 h6 12. Bxe7 Nxe7 13. b3 Ng6 14. Rd4 Be6 15. Rad1 Ke7 16. Ne4 b6 17. c4 Rhd8 18. Kf1 Bg4 19. Nd6 Be6 20. Ne4 Bg4 21. Nd6 Be6 22. Ne4 1/2-1/2


[Site "https://www.chess.com"]

[Event "Titled Tuesday Blitz June 6 Early 2023"]
[White "Veiga, Jose Francisco R P Neves"]
[Black "LangesNasenhaar"]
[WhiteFideId "1930087"]
[WhiteElo "2319"]
[BlackElo "2476"]
[Result "1-0"]
[Round "6"]
[TimeControl "180+2"]
[Date "2023.06.06"]
[WhiteClock "0:01:04"]
[BlackClock "0:00:07"]
[Board "65"]

1. d4 g6 2. e4 Bg7 3. Nf3 c6 4. Nc3 d5 5. h3 Nf6 6. e5 Ne4 7. Bd3 Nxc3 8. bxc3 c5 9. O-O c4 10. Be2 O-O 11. a4 Qa5 12. Qd2 Bd7 13. Ba3 Re8 14. Bb4 Qc7 15. a5 Nc6 16. Rfb1 Nxb4 17. cxb4 b6 18. c3 h6 19. Rb2 b5 20. Nh2 f6 21. f4 fxe5 22. fxe5 Rad8 23. Rf1 Bf5 24. Bg4 Be4 25. Be6+ Kh7 26. Qe3 Rf8 27. Rbf2 Rxf2 28. Rxf2 Rf8 29. Ng4 Qd8 30. Rxf8 Qxf8 31. Nf2 Bf5 32. Bxd5 h5 33. Be4 Bh6 34. Qf3 e6 35. g4 hxg4 36. hxg4 Bxe4 37. Qxf8 Bxf8 38. Nxe4 Kh6 39. Kf2 Be7 40. Kf3 Bh4 41. Ke2 Be7 42. a6 g5 43. Nd6 1-0


[Site "https://www.chess.com"]

[Event "Titled Tuesday Blitz June 6 Early 2023"]
[White "Lorenzo De La Riva, Lazaro"]
[Black "Souleidis, Georgios"]
[WhiteFideId "2268809"]
[BlackFideId "4206827"]
[WhiteElo "2294"]
[BlackElo "2401"]
[Result "0-1"]
[Round "6"]
[TimeControl "180+2"]
[Date "2023.06.06"]
[WhiteClock "0:00:06"]
[BlackClock "0:00:31"]
[Board "66"]

1. e4 c5 2. Nc3 e6 3. Nge2 Nc6 4. g3 Nf6 5. Bg2 d6 6. O-O Be7 7. d3 O-O 8. f4 Rb8 9. a4 a6 10. h3 Nb4 11. g4 b5 12. axb5 axb5 13. Ng3 Nd7 14. g5 e5 15. h4 exf4 16. Bxf4 Ne5 17. Nf5 Be6 18. Ra7 Nbc6 19. Ra6 Re8 20. Qd2 Bf8 21. Rfa1 Rb6 22. Ne2 Nb4 23. Rxb6 Qxb6 24. Kh1 g6 25. Ne3 Qb7 26. Rf1 Qd7 27. Kh2 Rd8 28. Nc1 Bg7 29. c3 Nbc6 30. Ne2 Ne7 31. Ng3 d5 32. Qe1 dxe4 33. Bxe4 Nxd3 34. Bxd3 Qxd3 35. Ng2 Nf5 36. Ne4 Bd5 37. Nxc5 Qc4 38. Nb7 Bxb7 0-1


[Site "https://www.chess.com"]

[Event "Titled Tuesday Blitz June 6 Early 2023"]
[White "Pham, Le Thao Nguyen"]
[Black "Domingo Nunez, Ruben"]
[WhiteFideId "12401226"]
[BlackFideId "22245570"]
[WhiteElo "2286"]
[BlackElo "2404"]
[Result "1-0"]
[Round "6"]
[TimeControl "180+2"]
[Date "2023.06.06"]
[WhiteClock "0:00:03"]
[BlackClock "0:00:01"]
[Board "67"]

1. d4 g6 2. Nf3 Bg7 3. c4 d6 4. Nc3 Nd7 5. e4 e5 6. Be3 h5 7. h3 Bh6 8. Qd2 Bxe3 9. fxe3 Ngf6 10. Bd3 h4 11. Qf2 Qe7 12. O-O c6 13. Rad1 Nf8 14. c5 dxc5 15. Nxe5 N6d7 16. Nxf7 Rh7 17. Ne5 Nxe5 18. dxe5 Be6 19. Bc2 Nd7 20. Ne2 g5 21. Bb3 Rf7 22. Qxf7+ Bxf7 23. Rxf7 Qxe5 24. Rdxd7 Rd8 25. Rxd8+ Kxd8 26. Kf2 b5 27. Rf5 Qe7 28. e5 c4 29. Bc2 Qb4 30. Be4 Qxb2 31. Bxc6 Kc7 32. Bd5 Qxa2 33. e6 Kd6 34. e4 Qa3 35. Rf7 Qc5+ 36. Kf3 c3 37. Rd7+ Ke5 38. e7 Qc8 39. Rd8 g4+ 40. hxg4 h3 41. e8=Q+ 1-0


[Site "https://www.chess.com"]

[Event "Titled Tuesday Blitz June 6 Early 2023"]
[White "Sadykov, Ramil"]
[Black "Jovic, Stanoje"]
[WhiteFideId "24113590"]
[BlackFideId "905020"]
[WhiteElo "2245"]
[BlackElo "2236"]
[Result "1-0"]
[Round "6"]
[TimeControl "180+2"]
[Date "2023.06.06"]
[WhiteClock "0:01:02"]
[BlackClock "0:00:08"]
[Board "68"]

1. d4 Nf6 2. Nc3 d5 3. Bf4 e6 4. e3 Bd6 5. Qf3 O-O 6. Bxd6 cxd6 7. Bd3 Nc6 8. Nge2 Bd7 9. a3 Rc8 10. O-O Na5 11. Qg3 Re8 12. Qxd6 Rc6 13. Qf4 Rb6 14. b4 Nc6 15. Na4 Nxd4 16. Nxb6 Nxe2+ 17. Bxe2 Qxb6 18. c4 e5 19. Qh4 d4 20. exd4 exd4 21. c5 Qc7 22. Bc4 Re4 23. Qg3 Qxg3 24. hxg3 Rg4 25. Rad1 h5 26. Be2 Re4 27. Bf3 Re7 28. Rxd4 Bb5 29. Rfd1 g5 30. Rd8+ Kg7 31. Rb8 Ba4 32. Rc1 b5 33. c6 g4 34. c7 Rxc7 35. Rxc7 gxf3 36. gxf3 Bd1 37. Rxb5 Bxf3 38. Rxa7 1-0


[Site "https://www.chess.com"]

[Event "Titled Tuesday Blitz June 6 Early 2023"]
[White "Domingo Nunez, Alejandro"]
[Black "Redzisz, Michal"]
[WhiteFideId "22245561"]
[BlackFideId "21816107"]
[WhiteElo "2291"]
[BlackElo "2175"]
[Result "0-1"]
[Round "6"]
[TimeControl "180+2"]
[Date "2023.06.06"]
[WhiteClock "0:00:02"]
[BlackClock "0:00:42"]
[Board "69"]

1. Nf3 Nf6 2. g3 b6 3. Bg2 Bb7 4. O-O g6 5. d4 Bg7 6. c4 O-O 7. d5 Na6 8. Nc3 Nc5 9. Nd4 e5 10. Nc2 a5 11. e4 Ne8 12. Rb1 Nd6 13. b3 f5 14. exf5 gxf5 15. Re1 Qf6 16. Bb2 Rae8 17. f4 exf4 18. Nb5 Qg6 19. Bxg7 Kxg7 20. Nxd6 Qxd6 21. Qd4+ Kg8 22. gxf4 Ne4 23. Ne3 Qxf4 24. Rf1 Qg5 25. Rbe1 d6 26. Kh1 Qh4 27. Nxf5 Ng3+ 28. Kg1 Nxf5 29. Qd3 Rxe1 0-1


[Site "https://www.chess.com"]

[Event "Titled Tuesday Blitz June 6 Early 2023"]
[White "Manukyan, Sargis V."]
[Black "Ramirez Vido, Robert Yorisan"]
[WhiteFideId "13303465"]
[BlackFideId "3513823"]
[WhiteElo "2236"]
[BlackElo "2459"]
[Result "1-0"]
[Round "6"]
[TimeControl "180+2"]
[Date "2023.06.06"]
[WhiteClock "0:00:33"]
[BlackClock "0:00:01"]
[Board "70"]

1. d4 g6 2. c4 Nf6 3. Nc3 Bg7 4. e4 d6 5. Be2 O-O 6. Nf3 Na6 7. Be3 e5 8. O-O Bg4 9. d5 Nh5 10. h3 Bxf3 11. Bxf3 Nf4 12. Kh2 Qd7 13. Rb1 f5 14. b4 Rae8 15. Qd2 b6 16. Qc2 fxe4 17. Bxe4 Nb8 18. c5 Qf7 19. c6 Nxc6 20. dxc6 d5 21. Bxf4 dxe4 22. Be3 Kh8 23. Qxe4 Qe6 24. Nd5 Rf7 25. b5 Ref8 26. Rbd1 Qc8 27. a4 a6 28. Qg4 Qa8 29. Qh4 axb5 30. axb5 Qa2 31. Ne7 Qe6 32. Rd7 1-0


[Site "https://www.chess.com"]

[Event "Titled Tuesday Blitz June 6 Early 2023"]
[White "Vlassov, Nikolai"]
[Black "kuanysh1981"]
[WhiteFideId "4103360"]
[WhiteElo "2324"]
[BlackElo "2450"]
[Result "1-0"]
[Round "6"]
[TimeControl "180+2"]
[Date "2023.06.06"]
[WhiteClock "0:00:07"]
[BlackClock "0:00:06"]
[Board "71"]

1. e4 c5 2. c3 Nf6 3. e5 Nd5 4. d4 cxd4 5. cxd4 e6 6. Nc3 d6 7. f4 Be7 8. Nf3 Nc6 9. Bd3 Nxc3 10. bxc3 b6 11. Qe2 Bb7 12. O-O O-O 13. h4 Bxh4 14. exd6 Bf6 15. a4 Qxd6 16. Ne5 Qc7 17. Rf3 g6 18. Rh3 Ne7 19. Bd2 Nd5 20. c4 Ne7 21. Kf2 Rad8 22. Be3 Nf5 23. Bxf5 exf5 24. Rah1 Bxe5 25. fxe5 f6 26. Rxh7 Qxh7 27. Rxh7 Kxh7 28. e6 g5 29. d5 f4 30. Qh5+ Kg7 31. Bd4 Bxd5 32. Qxg5+ Kh7 33. Qh5+ Kg7 34. cxd5 Rd6 35. e7 Rg8 36. e8=Q Rxe8 37. Qxe8 Rxd5 38. Qe7+ Kg6 39. Qxf6+ Kh5 40. Qf7+ Kg4 41. Qxd5 a6 42. Bf6 f3 43. Qg5# 1-0


[Site "https://www.chess.com"]

[Event "Titled Tuesday Blitz June 6 Early 2023"]
[White "Hristodoulou, Panagiotis"]
[Black "Gubajdullin, Alexei"]
[WhiteFideId "4214340"]
[BlackFideId "4141202"]
[WhiteElo "2272"]
[BlackElo "2279"]
[Result "1-0"]
[Round "6"]
[TimeControl "180+2"]
[Date "2023.06.06"]
[WhiteClock "0:00:04"]
[BlackClock "0:00:01"]
[Board "72"]

1. e4 g6 2. d4 Bg7 3. Nc3 d6 4. Be3 c6 5. Qd2 b5 6. f3 b4 7. Nce2 a5 8. h4 h5 9. Nh3 Nf6 10. Ng5 O-O 11. Nf4 Qc7 12. a3 e5 13. dxe5 dxe5 14. Nd3 bxa3 15. Rxa3 Rd8 16. Qf2 Nbd7 17. Be2 Ba6 18. O-O Bf8 19. Ra2 c5 20. f4 Bxd3 21. cxd3 exf4 22. Bxf4 Bd6 23. Bxd6 Qxd6 24. Ra4 Kg7 25. e5 Qxe5 26. Rf4 Re8 27. Ne4 Re6 28. g4 hxg4 29. Bxg4 Nxg4 30. Rxg4 Rf8 31. Rg5 Qc7 32. h5 c4 33. h6+ Kh7 34. Rd5 Rxe4 35. dxe4 Kxh6 36. Qf4+ Qxf4 37. Rxf4 Nb6 38. Rxa5 Rd8 39. Rxf7 Rd1+ 40. Kg2 Rd2+ 41. Rf2 Rd4 42. Rb5 Nd7 43. Rd5 Rxd5 44. exd5 Kg7 45. d6 Nc5 46. Rc2 Kf6 47. Rxc4 Nd7 48. Kg3 Ke6 49. Rd4 g5 50. Kg4 Ne5+ 51. Kg3 Kd7 52. Rd1 Kc6 53. b4 Nd7 54. Kg4 Kb5 55. Kxg5 Kxb4 56. Kf5 1-0


[Site "https://www.chess.com"]

[Event "Titled Tuesday Blitz June 6 Early 2023"]
[White "Fiorito, Joaquin"]
[Black "ArchibaldCerveza29"]
[WhiteFideId "180173"]
[WhiteElo "2199"]
[BlackElo "2440"]
[Result "1-0"]
[Round "6"]
[TimeControl "180+2"]
[Date "2023.06.06"]
[WhiteClock "0:00:14"]
[BlackClock "0:00:02"]
[Board "73"]

1. d4 d5 2. c4 e6 3. Nc3 Nf6 4. cxd5 exd5 5. Bg5 c6 6. e3 h6 7. Bf4 Bd6 8. Bxd6 Qxd6 9. Nf3 O-O 10. h3 Re8 11. Bd3 a5 12. O-O Be6 13. Ne5 Nbd7 14. f4 b5 15. Rc1 Nb6 16. b3 a4 17. bxa4 b4 18. Ne2 Rec8 19. Ng3 Nxa4 20. Nf5 Bxf5 21. Bxf5 Rc7 22. Rf2 Nc3 23. Qf3 Rxa2 24. Rxa2 Nxa2 25. Ra1 b3 26. Qd1 Qa3 27. Rb1 Rb7 28. Qd3 Rb6 29. g4 Nc1 30. Qd2 b2 31. g5 hxg5 32. fxg5 Ne4 33. Bxe4 dxe4 34. Nc4 Qa1 35. Qc2 Rb4 36. Nxb2 Qa2 37. Qxc1 Qb3 38. Kf2 g6 39. Qd2 Rb5 40. h4 Rf5+ 41. Kg2 Rb5 42. Kg3 Kg7 43. Kf2 Qe6 44. Qe2 Qh3 45. Ke1 Qh1+ 46. Qf1 Qxh4+ 47. Kd2 Qh2+ 48. Qe2 Qd6 49. Nc4 1-0


[Site "https://www.chess.com"]

[Event "Titled Tuesday Blitz June 6 Early 2023"]
[White "Lee, Qing Aun"]
[Black "Toktomushev, Teimur"]
[WhiteFideId "5804167"]
[BlackFideId "14176726"]
[WhiteElo "2179"]
[BlackElo "2116"]
[Result "1-0"]
[Round "6"]
[TimeControl "180+2"]
[Date "2023.06.06"]
[WhiteClock "0:01:50"]
[BlackClock "0:00:05"]
[Board "74"]

1. d4 d5 2. Nc3 Nf6 3. Bf4 a6 4. e3 e6 5. g4 c5 6. g5 Nfd7 7. Nf3 Nc6 8. Bg2 b5 9. O-O b4 10. Ne2 Be7 11. Ng3 a5 12. c3 Ba6 13. Re1 Nb6 14. e4 a4 15. Ne5 Nxe5 16. Bxe5 O-O 17. cxb4 Nc4 18. bxc5 Nxb2 19. Qg4 Nd3 20. exd5 exd5 21. Bxg7 Nxe1 22. Rxe1 1-0


[Site "https://www.chess.com"]

[Event "Titled Tuesday Blitz June 6 Early 2023"]
[White "Matveeva, Olga"]
[Black "Agibileg, Uurtsaikh"]
[WhiteFideId "24107018"]
[BlackFideId "4901606"]
[WhiteElo "2009"]
[BlackElo "2353"]
[Result "0-1"]
[Round "6"]
[TimeControl "180+2"]
[Date "2023.06.06"]
[WhiteClock "0:00:10"]
[BlackClock "0:01:57"]
[Board "75"]

1. d4 Nf6 2. c4 g6 3. g3 Bg7 4. Bg2 O-O 5. Nc3 d6 6. Nf3 c5 7. d5 e6 8. O-O exd5 9. cxd5 Re8 10. Nd2 Nbd7 11. h3 a6 12. a4 Rb8 13. Nc4 Nb6 14. Ne3 Bd7 15. a5 Nc8 16. Na4 Qxa5 17. Bd2 Qd8 18. b4 b5 19. Nxc5 dxc5 20. bxc5 Ne4 21. c6 Bxa1 22. Qxa1 Nxd2 23. Rd1 Nc4 24. Nxc4 bxc4 25. Qxa6 Rxe2 26. Qxc4 Rbb2 27. d6 Rxf2 28. Be4 Qg5 29. g4 Qe3 30. cxd7 Qg3+ 0-1


[Site "https://www.chess.com"]

[Event "Titled Tuesday Blitz June 6 Early 2023"]
[White "FunnyDuck66"]
[Black "Girya, Olga"]
[BlackFideId "4195752"]
[WhiteElo "2435"]
[BlackElo "2263"]
[Result "0-1"]
[Round "6"]
[TimeControl "180+2"]
[Date "2023.06.06"]
[WhiteClock "0:00:04"]
[BlackClock "0:00:15"]
[Board "76"]

1. d4 Nf6 2. Nf3 d5 3. Bf4 c5 4. e3 Nc6 5. Nbd2 cxd4 6. exd4 Qb6 7. Nb3 Bg4 8. c3 e6 9. Be2 a5 10. Ne5 Bxe2 11. Qxe2 a4 12. Nc1 Nxe5 13. Bxe5 Be7 14. Nd3 O-O 15. O-O Ne4 16. f3 Nd6 17. Nc5 Qc6 18. Bxd6 Bxd6 19. Nd3 a3 20. f4 Qc4 21. b3 Qxc3 22. Qe3 Rac8 23. Rac1 Qa5 24. f5 exf5 25. Rxf5 Rxc1+ 26. Qxc1 Re8 27. h3 g6 28. Rf3 Qb6 29. Qc3 Re4 30. Nc5 Rxd4 31. b4 Rxb4 0-1


[Site "https://www.chess.com"]

[Event "Titled Tuesday Blitz June 6 Early 2023"]
[White "Aldokhin, Ivan"]
[Black "Nikologorsky, Matfei"]
[WhiteFideId "24115720"]
[BlackFideId "24102474"]
[WhiteElo "2322"]
[BlackElo "2153"]
[Result "0-1"]
[Round "6"]
[TimeControl "180+2"]
[Date "2023.06.06"]
[WhiteClock "0:00:03"]
[BlackClock "0:00:16"]
[Board "77"]

1. e4 c5 2. Nf3 e6 3. d4 cxd4 4. Nxd4 a6 5. Nc3 Qc7 6. Bd3 Nc6 7. Nxc6 dxc6 8. Be3 Nf6 9. Qe2 b5 10. a4 b4 11. Nb1 Bb7 12. Nd2 c5 13. f3 Bd6 14. Nc4 Bxh2 15. Rxh2 Qxh2 16. Bxc5 Qh1+ 17. Kf2 Qxa1 18. Nd6+ Kf8 19. Nxb7+ Kg8 20. Bd4 Qxa4 21. Qe3 Qd7 22. Nc5 Qe7 23. Na4 h5 24. Bc5 Qd8 25. Bxb4 a5 26. Bc3 h4 27. Nb6 Rb8 28. Nc4 h3 29. gxh3 Rxh3 30. Qf4 Rh6 31. Bxa5 Qd4+ 32. Ke2 Rc8 33. Bc3 Qg1 34. Be5 Rh1 35. Qd2 Rxc4 36. Bxc4 Qf1+ 37. Ke3 Qxc4 38. Qd8+ Kh7 39. Bxf6 gxf6 40. Qxf6 Qc5+ 41. Ke2 Rh2+ 42. Kd3 Qxc2+ 43. Kd4 Qd2+ 44. Kc5 Rh5+ 45. Kc6 Qc2+ 46. Kd7 Qd2+ 47. Ke8 Qg5 48. Qxf7+ Kh8 49. Qf8+ Qg8 50. Qxg8+ Kxg8 51. Ke7 e5 52. b4 Rh3 53. b5 Rxf3 54. Kd6 Rb3 55. Kc6 Kf7 56. b6 Kf6 57. b7 Kg5 58. Kc7 Kf4 59. b8=Q Rxb8 60. Kxb8 Kxe4 0-1


[Site "https://www.chess.com"]

[Event "Titled Tuesday Blitz June 6 Early 2023"]
[White "Martic, Ivan"]
[Black "Zenin, Dmitry"]
[WhiteFideId "929301"]
[BlackFideId "4127897"]
[WhiteElo "2346"]
[BlackElo "2215"]
[Result "1-0"]
[Round "6"]
[TimeControl "180+2"]
[Date "2023.06.06"]
[WhiteClock "0:00:38"]
[BlackClock "0:01:19"]
[Board "78"]

1. e4 e5 2. Nf3 Nc6 3. d3 Nf6 4. c3 d5 5. Nbd2 Be7 6. Be2 O-O 7. O-O a5 8. Qc2 Be6 9. Re1 h6 10. Bf1 Re8 11. exd5 Qxd5 12. Nc4 Nd7 13. a4 Bf6 14. Nfd2 Rad8 15. Ne4 Be7 16. g3 Nc5 17. Nxc5 Bxc5 18. Be3 Bxe3 19. Rxe3 Bf5 20. Qb3 Qc5 21. Qb5 Rd5 22. Qxb7 Rb8 23. Qa6 Bc8 24. d4 Bxa6 25. dxc5 Rxc5 26. Nxe5 Bxf1 27. Nd7 Bh3 28. Nxb8 Ne5 29. b4 Rd5 30. Rxe5 Rxe5 31. Nc6 1-0


[Site "https://www.chess.com"]

[Event "Titled Tuesday Blitz June 6 Early 2023"]
[White "Manon-og, Ramon Jr."]
[Black "Bayo Milagro, Alvaro"]
[WhiteFideId "5200776"]
[BlackFideId "22275240"]
[WhiteElo "2385"]
[BlackElo "2270"]
[Result "0-1"]
[Round "6"]
[TimeControl "180+2"]
[Date "2023.06.06"]
[WhiteClock "0:00:06"]
[BlackClock "0:00:56"]
[Board "79"]

1. e4 e5 2. Nf3 Nc6 3. Bc4 Nf6 4. Ng5 d5 5. exd5 Na5 6. Bb5+ c6 7. dxc6 bxc6 8. Bd3 Ng4 9. h4 h6 10. Be2 Nxf2 11. Kxf2 Bc5+ 12. Ke1 hxg5 13. h5 Qd4 14. d3 Qf2+ 15. Kd2 Qf4+ 16. Ke1 Bf2+ 17. Kf1 Be3+ 18. Bf3 Bxc1 19. Nc3 Bxb2 20. Ne2 Qf6 21. Rb1 Bd4 22. Nxd4 exd4 23. Qe1+ Be6 24. Qxa5 g4 25. Qc7 O-O 26. h6 gxf3 27. g3 gxh6 28. Re1 Bd5 29. Rh4 f2 30. Rd1 Rac8 31. Qd7 Qf3 32. Qg4+ Qxg4 33. Rxg4+ Kh7 34. Kxf2 Bxa2 35. Ra1 Be6 36. Rxd4 c5 37. Rd6 Rc7 38. Rh1 Ra8 39. g4 Kg7 40. Rg1 a5 41. g5 hxg5 42. Rxg5+ Kf6 43. Rg1 a4 44. Ra1 a3 45. Ke3 a2 46. Rb6 Raa7 47. c3 Rcb7 48. Rc6 Rb1 49. Rxa2 Rxa2 50. d4 cxd4+ 51. cxd4 Re1+ 52. Kf3 Rd1 53. Ke3 Rad2 54. Rd6 Ke7 55. Ra6 Rd3+ 56. Ke2 R1d2+ 57. Ke1 Rxd4 58. Ra7+ Kf6 59. Ra3 Rh2 60. Rf3+ Ke7 61. Re3 Ra4 62. Kf1 Ra1+ 63. Re1 Rxe1+ 64. Kxe1 Bc4 65. Kd1 f6 66. Ke1 f5 67. Kd1 f4 68. Ke1 f3 69. Kd1 Re2 70. Kc1 f2 71. Kd1 f1=Q# 0-1


[Site "https://www.chess.com"]

[Event "Titled Tuesday Blitz June 6 Early 2023"]
[White "Skliarov, Viktor"]
[Black "Gabdushev, Ruslan"]
[WhiteFideId "14106736"]
[BlackFideId "4137833"]
[WhiteElo "2317"]
[BlackElo "2233"]
[Result "0-1"]
[Round "6"]
[TimeControl "180+2"]
[Date "2023.06.06"]
[WhiteClock "0:00:01"]
[BlackClock "0:00:25"]
[Board "80"]

1. e4 Nc6 2. Nc3 e6 3. d4 Bb4 4. Ne2 d6 5. a3 Ba5 6. b4 Bb6 7. d5 Nce7 8. Na4 e5 9. Nxb6 axb6 10. f4 Nf6 11. Qd3 exf4 12. Nxf4 Ng6 13. Nxg6 hxg6 14. Be2 Qe7 15. Bf3 Bg4 16. Bb2 Bxf3 17. gxf3 Rh3 18. O-O-O O-O-O 19. Rhe1 Nd7 20. Qf1 Rxh2 21. f4 f6 22. Qg1 Rh6 23. Qg3 Re8 24. Re2 g5 25. fxg5 Rg6 26. gxf6 Rxg3 27. fxe7 Rxe7 28. e5 Nxe5 29. Bxe5 Rxe5 30. Rxe5 dxe5 31. d6 c6 32. Re1 Rg5 33. c4 c5 34. bxc5 bxc5 35. Rf1 Kd7 36. Rf7+ Kxd6 37. Rxb7 Rg4 38. Kd2 g5 39. Rb6+ Kd7 40. Kd3 Rg3+ 41. Ke4 Rxa3 42. Kxe5 g4 43. Rg6 g3 44. Kd5 Ke7 45. Kxc5 Kf7 46. Rg4 Kf6 47. Kb4 Re3 0-1


[Site "https://www.chess.com"]

[Event "Titled Tuesday Blitz June 6 Early 2023"]
[White "Wadsworth, Matthew J"]
[Black "Da Silva, Lindolfo Luiz"]
[WhiteFideId "415804"]
[BlackFideId "2106558"]
[WhiteElo "2347"]
[BlackElo "2378"]
[Result "1-0"]
[Round "6"]
[TimeControl "180+2"]
[Date "2023.06.06"]
[WhiteClock "0:01:32"]
[BlackClock "0:00:24"]
[Board "81"]

1. c4 Nf6 2. g3 g6 3. Bg2 Bg7 4. Nc3 d6 5. Nf3 O-O 6. O-O e5 7. d3 Nc6 8. Rb1 a5 9. a3 Re8 10. Bg5 h6 11. Bxf6 Bxf6 12. b4 axb4 13. axb4 Bg7 14. b5 Nd4 15. Nxd4 exd4 16. Nd5 Ra2 17. Bf3 g5 18. Ra1 Rxa1 19. Qxa1 g4 20. Be4 f5 21. Bg2 Rxe2 22. Qa8 Re8 23. Qb8 c6 24. Nc7 Re7 25. Na8 d5 26. cxd5 Be5 27. Qa7 cxd5 28. Nb6 Be6 29. Re1 Bb8 30. Qa8 Qxb6 31. Qxb8+ Kh7 32. Bxd5 Kg6 33. Qe5 Kf7 34. Qxf5+ 1-0


[Site "https://www.chess.com"]

[Event "Titled Tuesday Blitz June 6 Early 2023"]
[White "Zaksaite, Salomeja"]
[Black "Gavrilov, Maxim"]
[WhiteFideId "12801496"]
[BlackFideId "24271454"]
[WhiteElo "2059"]
[BlackElo "1969"]
[Result "1-0"]
[Round "6"]
[TimeControl "180+2"]
[Date "2023.06.06"]
[WhiteClock "0:00:03"]
[BlackClock "0:00:01"]
[Board "82"]

1. e4 c5 2. Nf3 d6 3. d4 cxd4 4. Nxd4 Nf6 5. Nc3 a6 6. Bc4 e6 7. Bb3 Be7 8. Bg5 O-O 9. Qf3 Qc7 10. O-O-O b5 11. e5 Bb7 12. exd6 Bxd6 13. Qh3 Bf4+ 14. Bxf4 Qxf4+ 15. Kb1 b4 16. Nce2 Qg5 17. Rhg1 a5 18. f4 Qc5 19. g4 Ne4 20. Nxe6 fxe6 21. Bxe6+ Kh8 22. Bf5 Rxf5 23. gxf5 Nc6 24. Qg2 Qe7 25. Ng3 Nxg3 26. hxg3 Nd4 27. Qh2 Nf3 28. Qh5 Nxg1 29. Rxg1 Rc8 30. g4 Qe2 31. Rc1 Be4 32. f6 Bg6 33. fxg7+ Kxg7 34. Qxa5 Qe3 35. f5 Bf7 36. Qxb4 Qe5 37. f6+ Qxf6 38. g5 Qe5 39. Qb6 Bg6 40. a4 Bxc2+ 41. Ka1 Ra8 42. Qb7+ Kg6 43. Qxa8 Be4 44. Qg8+ Kh5 45. Qf7+ Bg6 46. Qf6 1-0


[Site "https://www.chess.com"]

[Event "Titled Tuesday Blitz June 6 Early 2023"]
[White "Afanasieva, Alexandra"]
[Black "Guz, Ari"]
[WhiteFideId "34126926"]
[BlackFideId "2825759"]
[WhiteElo "1736"]
[BlackElo "2205"]
[Result "1-0"]
[Round "6"]
[TimeControl "180+2"]
[Date "2023.06.06"]
[WhiteClock "0:00:04"]
[BlackClock "0:00:55"]
[Board "83"]

1. e4 Nf6 2. e5 Nd5 3. d4 d6 4. c4 Nb6 5. f4 g6 6. Nc3 Be6 7. b3 Bg7 8. Be3 O-O 9. Nf3 N8d7 10. Be2 c5 11. dxc5 Nxc5 12. Bxc5 dxc5 13. Qxd8 Rfxd8 14. O-O f6 15. Ne4 Rac8 16. Rad1 Rxd1 17. Rxd1 Bf5 18. Nc3 Kf7 19. h3 h5 20. Nd5 Nd7 21. Nh4 Be4 22. Nc3 Bc6 23. e6+ Kxe6 24. Nxg6 f5 25. Nd5 Bd4+ 26. Kh2 Bxd5 27. cxd5+ Kd6 28. Bxh5 Nf6 29. Bf3 Rg8 30. Nh4 e6 31. dxe6 Kxe6 32. Re1+ Kf7 33. Nxf5 b5 34. Nh6+ Kg7 35. Nxg8 Nxg8 36. Bd5 Nf6 37. Re7+ Kg6 38. Bf3 c4 39. bxc4 bxc4 40. Rc7 c3 41. g4 Ne8 42. Rc6+ Kf7 43. Kg3 Ke7 44. g5 Nd6 45. Bd1 Ne4+ 46. Kf3 Nc5 47. Bc2 Kd7 48. Rh6 Nb7 49. Ke2 Nd6 50. g6 Ke7 51. Rh7+ Kf8 52. h4 Bf6 53. h5 Ne8 54. h6 Kg8 55. Rf7 Bd4 56. h7+ Kh8 57. Rf8+ Kg7 58. h8=Q# 1-0


[Site "https://www.chess.com"]

[Event "Titled Tuesday Blitz June 6 Early 2023"]
[White "Sychev, Klementy"]
[Black "Bashirli, Saadat"]
[WhiteFideId "4114060"]
[BlackFideId "13429990"]
[WhiteElo "2583"]
[BlackElo "1408"]
[Result "1-0"]
[Round "6"]
[TimeControl "180+2"]
[Date "2023.06.06"]
[WhiteClock "0:01:50"]
[BlackClock "0:01:08"]
[Board "84"]

1. e4 c5 2. Nf3 g6 3. d4 cxd4 4. Nxd4 Nc6 5. Nc3 Bg7 6. Be3 Nf6 7. Nxc6 bxc6 8. e5 Ng8 9. Bd4 f6 10. exf6 Nxf6 11. Bc4 d5 12. Bb3 O-O 13. O-O Re8 14. Re1 Bf5 15. Na4 Nd7 16. Bxg7 Kxg7 17. g4 Be4 18. f3 Nf6 19. g5 Nh5 20. fxe4 e5 21. Qg4 d4 22. Rf1 Nf4 23. Nc5 Qb6 24. Nd3 Re7 25. Nxf4 exf4 26. Qxf4 d3+ 27. Kh1 1-0


[Site "https://www.chess.com"]